 Dungeon Crawl Stone Soup version 0.23-a0-32-g1388f29 (webtiles) character file.

67 seren the Covered (level 3, -2/31 HPs)
             Began as a Demigod Fighter on Aug 4, 2018.
             Slain by Grinder (4 damage)
             ... while paralysed by Grinder
             ... on level 3 of the Dungeon.
             The game lasted 00:03:27 (1961 turns).

seren the Covered (Demigod Fighter)                 Turns: 1961, Time: 00:03:28

Health: -2/31      AC:  7    Str: 26    XL:     3   Next: 70%
Magic:  5/5        EV:  2    Int: 12    God:
Gold:   57         SH:  0    Dex: 15    Spells: 2/2 levels left

rFire    . . .     SeeInvis .   a - +0 flail
rCold    . . .     Gourm    .   c - +0 shield
rNeg     . . .     Faith    .   b - +0 scale mail
rPois    .         Spirit   .   (no helmet)
rElec    .         Reflect  .   e - +0 cloak
rCorr    .         Harm     .   (no gloves)
MR       .....                  (no boots)
Stlth    ..........             (no amulet)
HPRegen  0.10/turn              (no ring)
MPRegen  0.09/turn              (no ring)

@: paralysed, mighty
A: high mp 1
a: no special abilities


You were on level 3 of the Dungeon.
You were not hungry.

You visited 1 branch of the dungeon, and saw 3 of its levels.

You collected 57 gold pieces.

Inventory:

Hand Weapons
 a - a +0 flail (weapon)
Armour
 b - a +0 scale mail (worn)
 c - a +0 shield (worn)
 e - a +0 cloak (worn)
Jewellery
 m - an uncursed amulet of rage {unknown}
Scrolls
 h - 4 scrolls of identify {unknown}
 i - a scroll of teleportation {unknown}
 k - 2 scrolls of magic mapping {unknown}
 l - 2 scrolls of enchant armour {unknown}
 o - a scroll of remove curse {unknown}
Potions
 j - a potion of degeneration {unknown}
 n - a potion of brilliance {unknown}
 p - a potion of berserk rage {unknown}
Comestibles
 f - 5 rations
 g - 2 chunks of flesh


   Skills:
 + Level 3.0 Fighting
 * Level 2.8 Maces & Flails
 + Level 3.1 Armour
 + Level 3.1 Shields


You had 2 spell levels left.
You didn't know any spells.
Your spell library was empty.

Dungeon Overview and Level Annotations

Branches:
Dungeon (3/15)

Annotations:
D:3 Grinder


Innate Abilities, Weirdness & Mutations

You have an increased reservoir of magic. (+10% MP)


Message History

You are too injured to fight recklessly!
You are too injured to fight recklessly!
You are too injured to fight recklessly!
You sock Grinder!
Grinder is heavily wounded.
You block Grinder's attack.
You closely miss Grinder.
Grinder is heavily wounded.
You block Grinder's attack.
You barely miss Grinder.
Grinder is heavily wounded.
Grinder gestures at you. Pain shoots through your body!
* * * LOW HITPOINT WARNING * * *
Grinder gestures at you.
You suddenly lose the ability to move!
Grinder gestures at you. You resist with significant effort. Grinder hits you.
You die...

#########
..>...5.# #@# #.#
### #.# #.# # #.#
#<#
#.#######.####.#
...............#
........>.######
#..............
#######.#########


You could see Grinder.

Vanquished Creatures
  An ooze (D:1)
  3 dart slugs
  2 ball pythons
  A giant cockroach (D:1)
  9 goblins
  6 hobgoblins
  9 jackals (D:1)
  2 kobolds (D:1)
  7 bats
  3 frilled lizards
  7 rats
50 creatures vanquished.

Notes
Turn   | Place    | Note
-------+----------+-------------------------------------------
     0 | D:1      | seren the Demigod Fighter began the quest for the Orb.
     0 | D:1      | Reached XP level 1. HP: 18/18 MP: 3/3
    43 | D:1      | Reached XP level 2. HP: 22/25 MP: 4/4
   318 | D:1      | Reached XP level 3. HP: 19/31 MP: 5/5
  1447 | D:2      | Found a hide-covered altar of Uskayaw.
  1954 | D:3      | Noticed Grinder
  1959 | D:3      | Paralysed by Grinder for 3 turns
  1961 | D:3      | Slain by Grinder

Vault maps used:
D:1:      dpeg_arrival_ratfight, palyth_stone_intersect,
          kennysheep_pointless_box, st_stairs_6
D:2:      lemuel_crystal_altar
D:3:      chequers_ecumenical_altar_simple_redux, uniq_jessica, uniq_grinder,
          uniq_terence

Skill      XL: |  1  2 |
---------------+-------+-----
Maces & Flails | 2 |  2.8
Armour         | 3 |  3.1
Fighting       | 3 |  3.0
Shields        | 3 |  3.1

Action                   || total
-------------------------++-------
Melee: Flail             ||   164
  Use: Potion            ||     1
  Eat: Chunk             ||     4
Armor: Scale mail        ||    93
Dodge: Dodged            ||    70
Block: Shield            ||    79

Table legend:
 A = Spawn XP
 B = Non-spawn XP
 C = Spawn XP percentage of total XP
 D = Spawn monster count
 E = Non-spawn monster count
 F = Spawn count percentage of total count
 G = Total turns spent on level
                    A         B        C        D         E        F      G
               +---------+---------+-------+---------+---------+-------+---------
         Total |       0 |      96 |   0.0 |       0 |      50 |   0.0 |  1961
               +---------+---------+-------+---------+---------+-------+---------
           D:1 |       0 |      80 |   0.0 |       0 |      41 |   0.0 |  1134
           D:2 |       0 |       9 |   0.0 |       0 |       6 |   0.0 |   722
           D:3 |       0 |       7 |   0.0 |       0 |       3 |   0.0 |   105
               +---------+---------+-------+---------+---------+-------+---------
